 Dungeon Crawl Stone Soup version 0.31.0-32-g396128a36d (webtiles) character file.

Game seed: 14539829582066262745

61279 0gre the Thaumaturge (level 15, 0/116 (119) HPs)
             Began as a Gnoll Ice Elementalist on Apr 8, 2024.
             Was a Priest of Ashenzari.
             Slain by a red devil
             ... wielding a +0 trident
             ... summoned by an obsidian statue
              (12 damage)
             ... on level 5 of the Lair of Beasts.
             The game lasted 02:27:58 (21525 turns).

0gre the Thaumaturge (Gnoll Ice Elementalist)      Turns: 21525, Time: 02:27:58

HP:   0/116 (119)   AC:  9    Str:  8    XL:     15   Next: 2%
MP:   25/31         EV: 23    Int: 18    God:    Ashenzari [***...]
Gold: 400           SH:  5    Dex: 22    Spells: 17/39 levels left

rFire   . . .        a - +2 scimitar (flame)
rCold   . . .        (no shield)
rNeg    . . .        W - +1 robe of Cowardice {Slay+3}
rPois   +            p - +1 helmet of the Pangnostic God {Melee, Fort} (curse)
rElec   .            S - +1 cloak of Ashenzari's Stickiness {Self, Range} (curse)
rCorr   .            f - +1 pair of gloves
SInv    +            o - +0 pair of boots of Star-Bound Wisdom {Melee, Sorc} (curse)
Will    +....        P - amulet "Loss of the Cryptic God" {Reflect SH+5, Cun, Elem} (curse)
Stlth   ++++++       U - +6 ring of dexterity
HPRegen 0.39/turn    J - ring of the Shattered Sybil {rPois, Elem, Cun} (curse)
MPRegen 0.22/turn

%: reflection, clarity
@: mighty, corroded, lightly drained
A: fangs 1, strong nose, distributed training
a: Renounce Religion, Curse Item, Shatter the Chains


You were on level 5 of the Lair of Beasts.
You worshipped Ashenzari.
Ashenzari was most pleased with you.
You visited 2 branches of the dungeon, and saw 19 of its levels.
You visited 1 bazaar.

You collected 1327 gold pieces.
You spent 927 gold pieces at shops.

Inventory:

Hand Weapons
 a - a +2 scimitar of flaming (weapon)
 b - a +1 orcbow of flaming
 c - a +2 spear of venom
Missiles
 g - 2 darts of dispersal
 h - 11 poisoned darts
 i - 9 curare-tipped darts (quivered)
 j - a throwing net
 k - 2 atropa-tipped darts
 l - 5 boomerangs
 m - a javelin
Armour
 f - a +1 pair of gloves (worn)
 o - the cursed +0 pair of boots of Star-Bound Wisdom (worn) {Melee, Sorc}
   (You found it on level 2 of the Dungeon)

   It has a curse which improves the following skills: Melee Combat: Short
   Blades, Long Blades, Axes, Maces & Flails, Polearms, Staves and Unarmed
   Combat.
   Sorcery:   Conjurations and Alchemy.
 p - the cursed +1 helmet of the Pangnostic God (worn) {Melee, Fort}
   (You found it on level 2 of the Dungeon)

   It has a curse which improves the following skills: Melee Combat: Short
   Blades, Long Blades, Axes, Maces & Flails, Polearms, Staves and Unarmed
   Combat.
   Fortitude: Armour and Shields.
 N - +2 steam dragon scales
 O - the +3 leather armour "Gikystryr" {rPois rC+ rN+}
   (You found it on level 2 of the Lair of Beasts)

   rC+:       It protects you from cold.
   rPois:     It protects you from poison rN+: It protects you from negative
   energy.
 S - the cursed +1 cloak of Ashenzari's Stickiness (worn) {Self, Range}
   (You bought it in a shop on level 8 of the Dungeon)

   It has a curse which improves the following skills: Introspection: Fighting
   and Spellcasting.
   Ranged Combat: Ranged Weapons and Throwing.
 W - the +1 robe of Cowardice (worn) {Slay+3}
   (You bought it in a shop in a bazaar)

   Slay+3:    It affects your accuracy & damage with ranged weapons and melee
   (+3).
Jewellery
 J - the cursed ring of the Shattered Sybil (right hand) {rPois, Elem, Cun}
   (You found it on level 9 of the Dungeon)

   [ring of poison resistance]

   rPois:     It protects you from poison It has a curse which improves the
   following skills: Elements: Fire Magic, Ice Magic, Air Magic and Earth Magic.
   Cunning:   Dodging and Stealth.
 P - the cursed amulet "Loss of the Cryptic God" (around neck) {Reflect SH+5, Cun, Elem}
   (You found it on level 9 of the Dungeon)

   [amulet of reflection]

   Reflect:   It reflects blocked missile attacks.
   SH+5:      It affects your SH (+5).
   It has a curse which improves the following skills: Cunning: Dodging and
   Stealth.
   Elements:  Fire Magic, Ice Magic, Air Magic and Earth Magic.
 U - a +6 ring of dexterity (left hand)
Wands
 w - a wand of iceblast (14)
 x - a wand of paralysis (33)
 H - a wand of mindburst (16)
 R - a wand of acid (3)
 Z - a wand of flame (14)
Scrolls
 r - 3 scrolls of amnesia
 t - 3 scrolls of immolation
 u - 14 scrolls of identify
 v - a scroll of brand weapon
 y - 5 scrolls of revelation
 A - 3 scrolls of fog
 D - 10 scrolls of teleportation
 G - 3 scrolls of fear
 I - 4 scrolls of blinking
 K - a scroll of silence
 L - 2 scrolls of poison
Potions
 d - a potion of invisibility
 e - 3 potions of magic
 n - a potion of resistance
 q - a potion of lignification
 s - 2 potions of curing
 z - 3 potions of haste
 B - 3 potions of might
 C - 5 potions of attraction
 E - 3 potions of berserk rage
 F - a potion of enlightenment
 Q - a potion of ambrosia
 V - a potion of mutation
 X - a potion of cancellation
 Y - a potion of heal wounds
Miscellaneous
 T - a phantom mirror


   Skills:
 + Level 10.1(11.5) Fighting
 + Level 10.1(12.3) Short Blades
 + Level 10.1(12.3) Long Blades
 + Level 10.1(12.3) Axes
 + Level 10.1(12.3) Maces & Flails
 + Level 10.1(12.3) Polearms
 + Level 10.1(12.3) Staves
 + Level 10.1(11.5) Ranged Weapons
 + Level 10.1(11.5) Throwing
 + Level 10.1(11.5) Armour
 + Level 11.1(13.2) Dodging
 + Level 10.9(13.1) Stealth
 + Level 10.1(11.5) Shields
 + Level 10.1(12.3) Unarmed Combat
 + Level 11.2(12.7) Spellcasting
 + Level 8.4(10.0) Conjurations
 + Level 8.4 Hexes
 + Level 8.4 Summonings
 + Level 8.4 Necromancy
 + Level 8.4 Translocations
 + Level 8.4(10.7) Fire Magic
 + Level 11.0(13.2) Ice Magic
 + Level 8.4(10.7) Air Magic
 + Level 8.4(10.7) Earth Magic
 + Level 8.4(10.0) Alchemy
 + Level 11.0 Invocations
 + Level 10.1 Evocations
 + Level 9.2 Shapeshifting


You had 17 spell levels left.
You knew the following spells:

 Your Spells              Type           Power      Damage    Failure   Level
a - Fireball              Conj/Fire      24%        3d11      2%          5
b - Frozen Ramparts       Ice            100%       1d16      1%          3
c - Summon Ice Beast      Ice/Summ       50%        N/A       1%          3
d - Fugue of the Fallen   Necr           41%        N/A       1%          3
e - Olgreb's Toxic Radia  Alch           47%        N/A       1%          4
q - Summon Lightning Spi  Summ/Air       45%        N/A       1%          4

Your spell library contained the following spells:

 Spells                   Type           Power      Damage    Failure   Level
 Freeze                   Ice            100%       1d10      1%          1
 Shock                    Conj/Air       100%       1d9       1%          1
 Sting                    Conj/Alch      100%       1d9       1%          1
 Ensorcelled Hibernation  Hex/Ice        100%       N/A       1%          2
 Mercury Vapours          Alch/Air       96%        N/A       1%          2
 Sublimation of Blood     Necr           41%        N/A       1%          2
 Hailstorm                Conj/Ice       52%        3d10      1%          3
 Ozocubu's Armour         Ice            56%        N/A       1%          3
 Swiftness                Air            50%        N/A       1%          3
 Volatile Blastmotes      Fire/Tloc      90%        2d17      1%          3
 Airstrike                Air            25%        2d(4-20)  1%          4
 Anguish                  Hex/Necr       20%        N/A       1%          4
 Animate Armour           Summ/Erth      90%        N/A       1%          4
 Brom's Barrelling Bould  Conj/Erth      48%        2d7       1%          4
 Cause Fear               Hex            20%        N/A       1%          4
 Fulminant Prism          Conj/Alch      23%        3d12      1%          4
 Iskenderun's Mystic Bla  Conj/Tloc      44%        2d10      1%          4
 Passage of Golubria      Tloc           41%        N/A       1%          4
 Petrify                  Alch/Erth      48%        N/A       1%          4
 Vhi's Electric Charge    Tloc/Air       90%        N/A       1%          4
 Lee's Rapid Deconstruct  Erth           25%        3d14*     1%          5
 Arcjolt                  Conj/Air       24%        1d34      2%          5
 Irradiate                Conj/Alch      23%        3d19      2%          5
 Iskenderun's Battlesphe  Conj           47%        2d10      2%          5
 Silence                  Hex/Air        22%        N/A       3%          5
 Conjure Ball Lightning   Conj/Air       24%        3x3d7     13%         6
 Orb of Destruction       Conj           23%        9d8       63%         7
 Enfeeble                 Hex            20%        N/A       85%         7
 Lehudib's Crystal Spear  Conj/Erth      24%        10d7      99%         8
 Maxwell's Capacitive Co  Air            25%        ∞         99%         8
 Discord                  Hex            20%        N/A       100%        8
 Disjunction              Tloc           20%        N/A       100%        8
 Chain Lightning          Conj/Air       24%        3d32      100%        9
 Fire Storm               Conj/Fire      24%        8d6       100%        9
 Shatter                  Erth           25%        3d21*     100%        9


Dungeon Overview and Level Annotations

Branches:
Dungeon (14/15)            Temple (0/1) D:5            Lair (5/5) D:10
  Swamp (0/4) Lair:2       Spider (0/4) Lair:2        Slime (0/5) Lair:4
    Orc (0/2) D:9
 Vaults: D:13-14

Altars:
Ashenzari
Cheibriados
Makhleb
Nemelex Xobeh
Okawaru
Ru
Trog
Vehumet
Zin
The Shining One

Shops:
D:1 ?   D:3 !   D:5 !   D:6 :   D:8 [

Annotations:
Lair:5 exclusion: obsidian statue


Innate Abilities, Weirdness & Mutations

You have very sharp teeth.
Your uncanny sense of smell can sniff out nearby items.
Your experience applies equally to all skills.


Message History

Confirm with . or Enter, or press ? or * to list all spells.
Aiming: Fireball (dangerous; 2% risk of failure)
Press: ? - help, Shift-Dir - straight line, f - soul eater
Aim: a soul eater (severely wounded, summoned)
Okay, then.
Casting: Fireball (dangerous; 2% risk of failure)
Confirm with . or Enter, or press ? or * to list all spells.
An electric hum fills the air.
The frozen ramparts melt away as you move.
The soul eater attacks as it pursues you!
The soul eater misses you.
The soul eater draws from the surrounding life force!
* * * LOW HITPOINT WARNING * * *
The soul eater is healed.
You slice the rust devil!!
The rust devil is almost dead.
You slash the rust devil!
The rust devil is almost dead.
The rust devil hits you.
* * * LOW HITPOINT WARNING * * *
The rust devil corrodes you!
You slice the rust devil!!
You kill the rust devil!
The rust devil disappears in a puff of smoke!
You feel much better.
The soul eater draws from the surrounding life force!
* * * LOW HITPOINT WARNING * * *
The soul eater is healed.
You hit the soul eater. You burn the soul eater. You bite the soul eater.
The soul eater is heavily wounded.
You feel yourself slow down.
You hit the soul eater but do no damage.
Your bite misses the soul eater.
The soul eater is heavily wounded.
The soul eater completely misses you. The red devil misses you.
You hit the soul eater. You burn the soul eater.
The soul eater is severely wounded.
The soul eater hits you but does no damage.
The red devil hits you from afar with a +0 trident!
You die...

####### ♣♣##..#..## #
♣♣8......P.# #.♣.4........#
##...4.#.#..#...# #...♣♣####§'#
## #♣8♣ #8.4#{ { #8.p ##+# #.3.#{
{{ +... ##)# #8#@#### +...
#########'#....#### #8Y. #####
#8...).####....# ### #...#
#......# #####.### ##8. #...##
#8....P##♣..##...#####8.⌠
##P...##########♣..††###.........
.......##♣###♣♣...##.†♣########''
.................................
#...~..............#.............


You could see a soul eater (summoned) and a red devil (summoned).

Vanquished Creatures
  Snorg (D:10)
  The ghost of metalburner8 the Frost Mage, a journeyman DrIE of Vehumet (D:12)
  Harold (Lair:1)
  5 hydras
  An alligator (Lair:2)
  Erica (D:8)
  5 two-headed ogres
  4 death yaks (Lair:2)
  4 boulder beetles
  A spectral dire elephant (Lair:5)
  A skeletal warrior (D:14)
  2 spectral death yaks (Lair:5)
  A skyshark (Lair:3)
  2 necromancers (Lair:5)
  A deep elf pyromancer (D:9)
  5 ugly things
  2 manticores
  2 cyclopes
  14 elephants
  3 black mambas
  2 dire elephant zombies (Lair:5)
  5 torpor snails
  7 cane toads
  2 gargoyles (D:12)
  6 unseen horrors
  9 rime drakes
  8 komodo dragons
  2 kobold demonologists (D:9)
  A freezing wraith (D:9)
  A tengu conjurer (D:13)
  2 trolls
  2 polar bears (Lair:3)
  A hornet (D:10)
  10 blink frogs
  A spectral elephant (Lair:5)
  Prince Ribbit (D:9)
  13 dream sheep (Lair:3)
  2 vampires
  24 yaks
  4 wyverns
  A steam dragon (D:8)
  5 vampire mosquitoes
  2 redbacks (Lair:2)
  2 death yak simulacra (Lair:5)
  The ghost of monsoonserge the Insei, an amateur OpSh (D:3)
  3 acid dragons
  12 water moccasins
  An orc warrior (D:6)
  A swamp drake (Lair:2)
  An ice beast (D:7)
  2 elephant zombies (Lair:5)
  5 sky beasts
  16 wolves
  6 black bears
  An elephant skeleton (Lair:5)
  9 centaurs
  4 kobold brigands
  9 bullfrogs
  2 cane toad simulacra (Lair:5)
  A gnoll sergeant (D:9)
  A scorpion (D:5)
  An elephant simulacrum (Lair:5)
  7 killer bees (D:10)
  5 howler monkeys
  4 hounds
  4 jellies
  5 orc priests
  A gnoll bouda (D:10)
  3 sleepcaps
  3 iguanas
  12 orc wizards
  6 hell rats (Lair:5)
  20 gnolls
  3 adders
  3 ufetubi
  2 dart slugs
  2 ribbon worms
  23 orcs
  3 ball pythons
  7 endoplasms
  2 giant cockroaches (D:4)
  7 hobgoblins
  4 jackals (D:4)
  2 quokkas
  4 bats
  2 frilled lizards (D:3)
  9 goblins
  26 kobolds
  8 rats
  2 butterflies (Lair:2)
425 creatures vanquished.

Vanquished Creatures (collateral kills)
  A boulder beetle (D:11)
  A death yak (Lair:2)
  5 elephants
  Joseph (D:8)
  3 yaks
  A ynoxinul (D:12)
  A steam dragon (D:9)
  A centaur (D:7)
  2 gnoll sergeants
  A jelly (D:8)
  An adder (D:5)
  3 gnolls
  A white imp (D:7)
  An ufetubus (D:5)
  4 orcs (D:5)
  4 kobolds
31 creatures vanquished.

Vanquished Creatures (others)
  A centaur (D:9)
  An orc wizard (D:9)
2 creatures vanquished.

Grand Total: 458 creatures vanquished

Notes
Turn   | Place    | Note
-------+----------+-------------------------------------------
     0 | D:1      | 0gre the Gnoll Ice Elementalist began the quest for the
                  | Orb.
     0 | D:1      | Reached XP level 1. HP: 13/13 MP: 6/6
   155 | D:1      | Reached XP level 2. HP: 19/19 MP: 2/7
   625 | D:1      | Found Zarovuv's Magic Scroll Shoppe.
   630 | D:1      | Bought a scroll of teleportation for 39 gold pieces
   872 | D:1      | You fall into a shaft and drop 1 floor!
  1355 | D:2      | Reached skill level 5 in Spellcasting
  1355 | D:2      | Reached XP level 3. HP: 25/25 MP: 7/9
  1359 | D:2      | Learned a level 3 spell: Frozen Ramparts
  2026 | D:1      | Bought a scroll of amnesia for 52 gold pieces
  2093 | D:3      | Reached skill level 1 in Invocations
  2139 | D:3      | Found a broken altar of Ashenzari.
  2178 | D:3      | Became a worshipper of Ashenzari the Shackled
  2272 | D:3      | Reached skill level 1 in Fighting
  2272 | D:3      | Reached skill level 1 in Short Blades
  2272 | D:3      | Reached skill level 1 in Long Blades
  2272 | D:3      | Reached skill level 1 in Axes
  2272 | D:3      | Reached skill level 1 in Maces & Flails
  2272 | D:3      | Reached skill level 1 in Polearms
  2272 | D:3      | Reached skill level 1 in Staves
  2272 | D:3      | Reached skill level 1 in Ranged Weapons
  2272 | D:3      | Reached skill level 1 in Throwing
  2272 | D:3      | Reached skill level 1 in Armour
  2272 | D:3      | Reached skill level 1 in Shields
  2272 | D:3      | Reached skill level 1 in Unarmed Combat
  2272 | D:3      | Reached skill level 1 in Evocations
  2441 | D:3      | Found a glowing silver altar of Zin.
  2472 | D:3      | Found a runed translucent gate.
  2473 | D:3      | Found a runed translucent gate.
  2473 | D:3      | Found a runed translucent gate.
  2473 | D:3      | Noticed monsoonserge's ghost (amateur OpSh)
  2476 | D:3      | Noticed a kobold brigand
  2571 | D:3      | Found a faded altar of an unknown god.
  2657 | D:3      | Found Utemang's Distillery.
  2665 | D:3      | Bought a potion of heal wounds for 60 gold pieces
  2772 | D:3      | Learned a level 3 spell: Summon Ice Beast
  2779 | D:3      | Reached skill level 1 in Shapeshifting
  2779 | D:3      | Reached XP level 4. HP: 19/31 MP: 3/11
  2787 | D:3      | Killed a kobold brigand
  2788 | D:3      | Reached skill level 1 in Conjurations
  2788 | D:3      | Reached skill level 1 in Hexes
  2788 | D:3      | Reached skill level 1 in Summonings
  2788 | D:3      | Reached skill level 1 in Necromancy
  2788 | D:3      | Reached skill level 1 in Translocations
  2788 | D:3      | Reached skill level 1 in Fire Magic
  2788 | D:3      | Reached skill level 1 in Air Magic
  2788 | D:3      | Reached skill level 1 in Earth Magic
  2788 | D:3      | Reached skill level 1 in Alchemy
  2788 | D:3      | Reached XP level 5. HP: 33/37 MP: 5/12
  2788 | D:3      | Killed monsoonserge's ghost
  2789 | D:3      | Reached XP level 6. HP: 40/44 MP: 5/14
  2962 | D:3      | Bought a potion of might for 48 gold pieces
  3017 | D:4      | Reached skill level 5 in Dodging
  3705 | D:5      | Entered Level 5 of the Dungeon
  3857 | D:5      | Reached XP level 7. HP: 35/51 MP: 15/15
  3857 | D:5      | Found Roummod's Distillery.
  3867 | D:5      | Bought a potion of curing for 39 gold pieces
  3867 | D:5      | Bought a potion of degeneration for 13 gold pieces
  3953 | D:5      | Found a staircase to the Ecumenical Temple.
  3963 | D:5      | Reached * piety under Ashenzari
  4063 | D:5      | Found a bloodstained altar of Trog.
  4079 | D:5      | Reached skill level 5 in Stealth
  4686 | D:6      | Reached XP level 8. HP: 58/58 MP: 12/16
  5247 | D:6      | Found Tuleos's Tremendous Tomes.
  5949 | D:7      | Found a burning altar of Makhleb.
  5949 | D:7      | Found a snail-covered altar of Cheibriados.
  5982 | D:7      | Noticed a wyvern
  5994 | D:7      | Killed a wyvern
  5995 | D:7      | Reached XP level 9. HP: 51/65 MP: 7/18
  6471 | D:7      | Reached skill level 5 in Invocations
  7060 | D:3      | Bought a potion of heal wounds for 60 gold pieces
  7060 | D:3      | Bought a potion of heal wounds for 60 gold pieces
  7385 | D:8      | Noticed Erica
  7403 | D:8      | Killed Erica
  7404 | D:8      | Reached skill level 5 in Fighting
  7404 | D:8      | Reached skill level 5 in Short Blades
  7404 | D:8      | Reached skill level 5 in Long Blades
  7404 | D:8      | Reached skill level 5 in Axes
  7404 | D:8      | Reached skill level 5 in Maces & Flails
  7404 | D:8      | Reached skill level 5 in Polearms
  7404 | D:8      | Reached skill level 5 in Staves
  7404 | D:8      | Reached skill level 5 in Ranged Weapons
  7404 | D:8      | Reached skill level 5 in Throwing
  7404 | D:8      | Reached skill level 5 in Armour
  7404 | D:8      | Reached skill level 5 in Shields
  7404 | D:8      | Reached skill level 5 in Unarmed Combat
  7404 | D:8      | Reached skill level 5 in Evocations
  7404 | D:8      | Reached XP level 10. HP: 17/74 MP: 12/21
  7578 | D:8      | Noticed Joseph
  7587 | D:8      | Killed Joseph
  7818 | D:8      | Found a radiant altar of Vehumet.
  7905 | D:8      | Found a sacrificial altar of Ru.
  8013 | D:8      | Found Yzxaon's Antique Armour Emporium.
  8197 | D:5      | Bought a potion of curing for 39 gold pieces
  8258 | D:9      | Noticed Prince Ribbit
  8264 | D:9      | Killed Prince Ribbit
  8265 | D:9      | Reached skill level 5 in Shapeshifting
  8388 | D:9      | Noticed a two-headed ogre
  8404 | D:9      | Killed a two-headed ogre
  8410 | D:9      | Reached skill level 5 in Conjurations
  8410 | D:9      | Reached skill level 5 in Hexes
  8410 | D:9      | Reached skill level 5 in Summonings
  8410 | D:9      | Reached skill level 5 in Necromancy
  8410 | D:9      | Reached skill level 5 in Translocations
  8410 | D:9      | Reached skill level 5 in Fire Magic
  8410 | D:9      | Reached skill level 5 in Air Magic
  8410 | D:9      | Reached skill level 5 in Earth Magic
  8410 | D:9      | Reached skill level 5 in Alchemy
  8411 | D:9      | Noticed a deep elf pyromancer
  8412 | D:9      | Noticed a two-headed ogre
  8421 | D:9      | Reached XP level 11. HP: 52/81 MP: 19/22
  8433 | D:9      | Killed a two-headed ogre
  8435 | D:9      | Killed a deep elf pyromancer
  8745 | D:9      | Noticed a brown ugly thing
  8757 | D:9      | Killed a brown ugly thing
  8774 | D:9      | Found a staircase to the Orcish Mines.
  8893 | D:9      | Noticed a sixfirhy
  9269 | D:9      | Found a sparkling altar of Nemelex Xobeh.
  9338 | D:9      | Reached ** piety under Ashenzari
  9873 | D:10     | Entered Level 10 of the Dungeon
  9873 | D:10     | Found a staircase to the Lair.
  9932 | D:10     | Learned a level 3 spell: Fugue of the Fallen
  9980 | D:10     | Noticed Snorg
  9997 | D:10     | Killed Snorg
 10442 | D:10     | Found a glowing golden altar of the Shining One.
 10711 | D:10     | Found an iron altar of Okawaru.
 10941 | D:8      | Bought an embroidered cloak for 232 gold pieces
 11048 | D:11     | Noticed a boulder beetle
 11063 | D:11     | Killed a boulder beetle
 11202 | D:11     | Noticed a cyclops
 11215 | D:11     | Killed a cyclops
 11745 | D:11     | Noticed a manticore
 11751 | D:11     | Killed a manticore
 12036 | D:5      | Bought a potion of curing for 39 gold pieces
 12036 | D:5      | Bought a potion of might for 52 gold pieces
 12156 | D:12     | Reached XP level 12. HP: 86/91 MP: 24/24
 12175 | D:12     | Found a runed translucent door.
 12178 | D:12     | Noticed metalburner8's ghost (journeyman DrIE)
 12240 | D:12     | Learned a level 5 spell: Fireball
 12714 | D:5      | Bought a potion of might for 52 gold pieces
 13088 | D:12     | Noticed a boulder beetle
 13106 | D:12     | Noticed a two-headed ogre
 13116 | D:12     | Killed a two-headed ogre
 13140 | D:12     | Noticed a two-headed ogre
 13143 | D:12     | Killed a boulder beetle
 13151 | D:12     | Killed a two-headed ogre
 13300 | D:12     | Noticed a two-headed ogre
 13309 | D:12     | Killed a two-headed ogre
 13535 | D:12     | Killed metalburner8's ghost
 14170 | D:13     | Noticed a boulder beetle
 14191 | D:13     | Killed a boulder beetle
 14211 | D:13     | Found a gateway to a bazaar.
 14223 | Bazaar   | Entered a bazaar
 14241 | Bazaar   | Found Pyimeby's Armour Emporium.
 14262 | Bazaar   | Found Ynuigoz's Antique Armour Shoppe.
 14276 | Bazaar   | Found Virarus's Book Shoppe.
 14276 | Bazaar   | Found Qizic's Book Emporium.
 14329 | Bazaar   | Bought a translucent robe for 142 gold pieces
 14329 | Bazaar   | Identified the +1 robe of Cowardice {Slay+3} (You bought it
                  | in a shop in a bazaar)
 14604 | D:13     | Reached *** piety under Ashenzari
 14785 | D:13     | Learned a level 4 spell: Summon Lightning Spire
 15092 | Lair:1   | Entered Level 1 of the Lair of Beasts
 15222 | Lair:1   | Noticed Harold
 15241 | Lair:1   | Killed Harold
 15242 | Lair:1   | Reached XP level 13. HP: 102/102 MP: 16/28
 15284 | Lair:1   | Identified the +2 chain mail of the Stone Wall {rC+ Int+5}
 15292 | Lair:1   | Reached **** piety under Ashenzari
 15480 | Lair:1   | Found a transporter.
 15481 | Lair:1   | Found a transporter.
 15537 | Lair:1   | Reached skill level 10 in Ice Magic
 15751 | Lair:1   | Identified the +1 leather armour of Knowledge {Str+5}
 16014 | Lair:2   | Reached skill level 10 in Spellcasting
 16297 | Lair:2   | Identified the +3 leather armour "Gikystryr" {rPois rC+
                  | rN+}
 16334 | Lair:2   | Learned a level 4 spell: Olgreb's Toxic Radiance
 16488 | Lair:2   | Found a hole to the Spider Nest.
 16633 | Lair:2   | Found a staircase to the Swamp.
 17207 | Lair:3   | Reached skill level 10 in Dodging
 17776 | Lair:3   | Reached skill level 10 in Stealth
 18883 | Lair:4   | Found a staircase to the Slime Pits.
 18903 | Lair:4   | Reached XP level 14. HP: 111/111 MP: 18/29
 18905 | Lair:4   | Reached skill level 10 in Invocations
 19553 | Lair:5   | Entered Level 5 of the Lair of Beasts
 19994 | Lair:5   | Found a snail-covered altar of Cheibriados.
 20731 | Lair:5   | Noticed a dire elephant
 20732 | Lair:5   | Noticed a dire elephant
 20732 | Lair:5   | Found the macabre finger necklace {Finger+ rN+}
 21249 | Lair:5   | Reached skill level 10 in Fighting
 21249 | Lair:5   | Reached skill level 10 in Short Blades
 21249 | Lair:5   | Reached skill level 10 in Long Blades
 21249 | Lair:5   | Reached skill level 10 in Axes
 21249 | Lair:5   | Reached skill level 10 in Maces & Flails
 21249 | Lair:5   | Reached skill level 10 in Polearms
 21249 | Lair:5   | Reached skill level 10 in Staves
 21249 | Lair:5   | Reached skill level 10 in Ranged Weapons
 21249 | Lair:5   | Reached skill level 10 in Throwing
 21249 | Lair:5   | Reached skill level 10 in Armour
 21249 | Lair:5   | Reached skill level 10 in Shields
 21249 | Lair:5   | Reached skill level 10 in Unarmed Combat
 21249 | Lair:5   | Reached skill level 10 in Evocations
 21402 | Lair:5   | Reached XP level 15. HP: 119/119 MP: 26/31
 21525 | Lair:5   | Slain by a red devil

Illustrated notes

Levels and vault maps discovered:
D:1:      dpeg_arrival_signposts, layout_loops_cross, serial_forest,
          infiniplex_forest_straight_4, infiniplex_forest_lined_3,
          infiniplex_forest_join, infiniplex_forest_clump_curved,
          infiniplex_forest_side_room, infiniplex_forest_lined_3,
          infiniplex_forest_corner_2, infiniplex_forest_clump_small,
          infiniplex_forest_clump_curved, serial_shops, shop
D:2:      layout_basic, grunt_ministairs_3
D:3:      layout_loops_ring, evilmike_ruin_ashenzari, zin_academy, serial_shops,
          shop, gammafunk_ghost_nasty_kobolds,
          hellmonk_ecumenical_altar_inner_sanctum, hangedman_decor_push
D:4:      cheibrodos_old_hovel, layout_basic, serial_corexii_hall,
          corexii_hall_statues_t, corexii_hall_statues_s,
          corexii_hall_statues_i, corexii_hall_statues_i, minmay_misc_feat_x
D:5:      layout_rooms, trog_ov_bears_minmay, minmay_temple_entry_purple_smoke,
          serial_shops, nicolae_diamond_shop, chequers_avenue, lightli_minifort
D:6:      layout_basic, nicolae_shop_i_like_big_books
D:7:      layout_cave_pools, gammafunk_temple_overflow_wave, chequers_garden,
          kennysheep_flooded_box
D:8:      layout_basic, vehumet_crystals, nicolae_ru_the_path_less_chosen,
          serial_shops, shop_fountains, nicolae_houndstooth_variations,
          uniq_erica, uniq_joseph
D:9:      wad_guarded_room, layout_layer_cave, nemelex_spade_bored_becter,
          orc_0_dummy, uniq_prince_ribbit1
D:10:     layout_basic, hellmonk_okawaru_the_only_friend_you_need,
          tso_oasis_becter, lair_entry_dummy, nicolae_lava_and_water, uniq_snorg
D:11:     layout_basic
D:12:     layout_loops_ring, hellmonk_ghost_big_iron
D:13:     layout_gridville, serial_shops, bzr_entry_gold
D:14:     layout_irregular_city, ximxim_vaults_locker_room, minivault_25,
          uniq_jorgrun
Lair:1:   gammafunk_boulding_lane, layout_regular_city, serial_bayou_shore_b,
          uniq_harold
Lair:2:   layout_hall_layers, mainiacjoe_swamp_entry_lozenge_pond,
          spider_nest_entry_a, serial_forest, infiniplex_forest_3_way,
          infiniplex_forest_corner_1, infiniplex_forest_clump_C,
          infiniplex_forest_clump_double, infiniplex_forest_straight_4,
          infiniplex_forest_clump_small, lemuel_fruit_fields
Lair:3:   layout_layer_cave, lemuel_fruit_tree
Lair:4:   layout_regular_city, slime_entry_1
Lair:5:   due_jungle_book, layout_gridlike, kennysheep_snail_temple

Skill      XL: |  1  2  3  4  5  6  7  8  9 10 11 12 13 14 15 |
---------------+----------------------------------------------+-----
Spellcasting   | 5 6 7 8 9 10 11 | 11.2
Invocations    | 1 2 3 4 5 6 7 8 9 10 11 | 11.0
Fighting       | 1 2 3 4 5 6 7 8 9 10 | 10.1
Short Blades   | 1 2 3 4 5 6 7 8 9 10 | 10.1
Long Blades    | 1 2 3 4 5 6 7 8 9 10 | 10.1
Axes           | 1 2 3 4 5 6 7 8 9 10 | 10.1
Maces & Flails | 1 2 3 4 5 6 7 8 9 10 | 10.1
Polearms       | 1 2 3 4 5 6 7 8 9 10 | 10.1
Staves         | 1 2 3 4 5 6 7 8 9 10 | 10.1
Ranged Weapons | 1 2 3 4 5 6 7 8 9 10 | 10.1
Throwing       | 1 2 3 4 5 6 7 8 9 10 | 10.1
Armour         | 1 2 3 4 5 6 7 8 9 10 | 10.1
Shields        | 1 2 3 4 5 6 7 8 9 10 | 10.1
Unarmed Combat | 1 2 3 4 5 6 7 8 9 10 | 10.1
Evocations     | 1 2 3 4 5 6 7 8 9 10 | 10.1
Shapeshifting  | 1 2 3 4 5 6 7 8 9 |  9.2
Conjurations   | 1 2 3 4 5 6 7 8 |  8.4
Hexes          | 1 2 3 4 5 6 7 8 |  8.4
Summonings     | 1 2 3 4 5 6 7 8 |  8.4
Necromancy     | 1 2 3 4 5 6 7 8 |  8.4
Translocations | 1 2 3 4 5 6 7 8 |  8.4
Fire Magic     | 1 2 3 4 5 6 7 8 |  8.4
Air Magic      | 1 2 3 4 5 6 7 8 |  8.4
Earth Magic    | 1 2 3 4 5 6 7 8 |  8.4
Alchemy        | 1 2 3 4 5 6 7 8 |  8.4
Dodging        | 5 6 7 8 9 10 11 | 11.1
Stealth        | 5 6 7 8 9 10 | 10.9
Ice Magic      | 8 9 10 11 | 11.0

Action                     |  1- 3 |  4- 6 |  7- 9 | 10-12 | 13-15 || total
---------------------------+-------+-------+-------+-------+-------++-------
  Melee: Dagger            |    12 |       |       |       |       ||    12
         Quarterstaff      |    23 |    41 |   134 |     6 |       ||   204
         Bite              |     3 |     3 |    20 |    30 |    77 ||   133
         Halberd           |       |       |     8 |       |       ||     8
         Spear             |       |       |     3 |     2 |       ||     5
         Orcbow            |       |       |       |     1 |       ||     1
         Scimitar          |       |       |       |   232 |   384 ||   616
         Punch             |       |       |       |    16 |    53 ||    69
   Fire: Sling             |    64 |    33 |    49 |       |       ||   146
         Orcbow            |       |       |    39 |   167 |   229 ||   435
  Throw: Dart              |       |       |     4 |     7 |       ||    11
         Throwing net      |       |       |       |       |     3 ||     3
   Cast: Freeze            |    14 |     1 |       |       |       ||    15
         Frozen Ramparts   |     3 |     6 |    43 |    42 |    33 ||   127
         Summon Ice Beast  |     1 |     2 |    15 |    12 |     4 ||    34
         Fugue of the Fall |       |       |       |     6 |     1 ||     7
         Fireball          |       |       |       |     2 |    12 ||    14
         Summon Lightning  |       |       |       |     1 |     9 ||    10
         Olgreb's Toxic Ra |       |       |       |       |    12 ||    12
 Invoke: Curse Item        |       |     1 |     1 |     3 |     2 ||     7
         Shatter the Chain |       |       |       |       |     2 ||     2
  Evoke: Wand              |       |       |     3 |     6 |     3 ||    12
    Use: Potion            |       |     1 |     7 |     5 |     5 ||    18
         Scroll            |       |       |     2 |     5 |     2 ||     9
   Stab: Sleeping          |     3 |       |       |     1 |     3 ||     7
         Paralysed         |       |       |       |     2 |       ||     2
         Distracted        |       |       |       |     2 |     1 ||     3
         Held in net/web   |       |       |       |       |     1 ||     1
 Armour: Robe              |    16 |    14 |   155 |    14 |   176 ||   375
         Steam dragon scal |       |       |       |   152 |       ||   152
  Dodge: Dodged            |    21 |    34 |   144 |   216 |   287 ||   702
  Block: Other             |       |       |       |    46 |    54 ||   100
         Reflection        |       |       |       |     3 |       ||     3
